 Dungeon Crawl Stone Soup version 0.23-a0-629-gae4348f (webtiles) character file.

151 CanOfBees the Caller (level 5, 0/30 HPs)
             Began as a Tengu Summoner on Dec 27, 2018.
             Slain by Sigmund
             ... wielding a +0 scythe
              (13 damage)
             ... on level 4 of the Dungeon.
             The game lasted 00:07:35 (5725 turns).

CanOfBees the Caller (Tengu Summoner)               Turns: 5725, Time: 00:07:36

Health: 0/30       AC:  3    Str:  9    XL:     5   Next: 33%
Magic:  10/10      EV: 12    Int: 16    God:
Gold:   141        SH:  0    Dex: 14    Spells: 4/10 levels left

rFire    . . .     SeeInvis .   A - +0 rapier
rCold    . . .     Gourm    .   (no shield)
rNeg     . . .     Faith    .   a - +0 robe
rPois    .         Spirit   .   (helmet restricted)
rElec    .         Reflect  .   f - +0 cloak (curse)
rCorr    .         Harm     .   (no gloves)
MR       .....                  (boots unavailable)
Stlth    +.........             (no amulet)
HPRegen  0.10/turn              (no ring)
MPRegen  0.12/turn              (no ring)

@: confused
A: beak, talons 3, able to fly 1
a: Fly


You were on level 4 of the Dungeon.
You were not hungry.

You visited 1 branch of the dungeon, and saw 4 of its levels.

You collected 141 gold pieces.

Inventory:

Hand Weapons
 A - a +0 rapier (weapon)
Missiles
 g - 21 arrows
 j - 57 stones (quivered)
 k - 3 needles of confusion
 o - 3 tomahawks
 r - 16 bolts
Armour
 a - a +0 robe (worn)
 f - a cursed +0 cloak (worn)
Wands
 w - a wand of polymorph (10)
Scrolls
 d - a scroll of amnesia {unknown}
 e - 3 scrolls of remove curse
 h - 4 scrolls of teleportation {unknown}
 i - 2 scrolls of identify
 l - 2 scrolls of immolation {unknown}
 t - 3 scrolls of enchant weapon {unknown}
 x - a scroll of enchant armour {unknown}
 y - a scroll of fear {unknown}
Potions
 b - a potion of brilliance {unknown}
 n - 4 potions of agility
 p - 2 potions of ambrosia
 q - a potion of curing
 s - a potion of mutation {unknown}
 u - a potion of berserk rage {unknown}
 v - a potion of cancellation {unknown}
Comestibles
 c - 4 rations


   Skills:
 + Level 2.1 Fighting
 - Level 2.1 Dodging
 - Level 2.0 Stealth
 + Level 3.0 Spellcasting
 * Level 6.4 Summonings


You had 4 spell levels left.
You knew the following spells:

 Your Spells              Type           Power        Failure   Level  Hunger
a - Summon Small Mammal   Summ           ###.         1%          1    #......
b - Call Imp              Summ           ###.....     1%          2    ##.....
c - Call Canine Familiar  Summ           ###.....     4%          3    ###....

Your spell library contained the following spells:

 Spells                   Type           Power        Failure   Level  Hunger
 Summon Guardian Golem    Hex/Summ       ##......     16%         3    ###....
 Summon Ice Beast         Ice/Summ       ##......     45%         4    #####..
 Summon Lightning Spire   Summ/Air       ##......     45%         4    #####..


Dungeon Overview and Level Annotations

Branches:
Dungeon (4/15)
 Temple: D:4-7

Altars:
Fedhas
Xom

Annotations:
D:4 Sigmund


Innate Abilities, Weirdness & Mutations

You have a beak for a mouth.
You have claws for feet.
You can fly.


Message History

Sigmund hits you with a +0 scythe!
You closely miss Sigmund. Your kick misses Sigmund.
Sigmund is moderately wounded.
Sigmund gestures at you while chanting. The puff of flame hits you!
You closely miss Sigmund. Your kick misses Sigmund. Your peck misses Sigmund.
Sigmund is moderately wounded.
Sigmund misses you.
You hit Sigmund. You claw Sigmund. Your peck misses Sigmund.
Sigmund is heavily wounded.
Sigmund barely misses you.
You barely miss Sigmund. Your kick misses Sigmund.
Sigmund is heavily wounded.
Sigmund gestures at you while chanting. The magic dart hits you!
Okay, then.
It was a potion of ambrosia.
You are confused.
You feel invigorated. Sigmund hits you with a +0 scythe!
You die...

#.#####.# #>
#....##.#
.....##.
#.##.##.# ....
#. #.......#
.... #.
####[#### ... ##
#.# ..# ####.#
#.# #....# #.#
#@#### #.####
#@# #######.....
#$#
##.......####
#.####..)......#
#........####..#
######...# ##..#
###.# ....#
######
###'###.#.#
#....#
#.....#.#.###


You could see Sigmund.

Vanquished Creatures
  An orc wizard (D:4)
  An ooze (D:4)
  A worm (D:2)
  A leopard gecko (D:1)
  An orc (D:4)
  A ball python (D:3)
  A giant cockroach (D:2)
  7 goblins
  6 hobgoblins
  4 jackals
  6 kobolds
  4 quokkas
  5 bats
  2 frilled lizards
  A leopard gecko skeleton (D:4)
  10 rats
  2 bushes (D:3)
54 creatures vanquished.

Vanquished Creatures (collateral kills)
  An orc priest (D:4)
  7 adders
  A worm (D:2)
  2 orcs (D:4)
  A giant cockroach (D:2)
  2 hobgoblins
14 creatures vanquished.

Grand Total: 68 creatures vanquished

Notes
Turn   | Place    | Note
-------+----------+-------------------------------------------
     0 | D:1      | CanOfBees the Tengu Summoner began the quest for the Orb.
     0 | D:1      | Reached XP level 1. HP: 10/10 MP: 4/4
   345 | D:1      | Reached skill level 5 in Summonings
   385 | D:1      | Reached XP level 2. HP: 16/16 MP: 6/6
   403 | D:1      | Learned a level 2 spell: Call Imp
  1327 | D:2      | Reached skill level 1 in Fighting
  1327 | D:2      | Reached XP level 3. HP: 12/20 MP: 2/7
  1597 | D:2      | Learned a level 3 spell: Call Canine Familiar
  3240 | D:3      | Reached XP level 4. HP: 24/25 MP: 8/8
  3952 | D:3      | Found a shimmering altar of Xom.
  4002 | D:3      | Reached skill level 6 in Summonings
  5388 | D:4      | Gained mutation: You can fly. [Tengu growth]
  5388 | D:4      | Reached XP level 5. HP: 30/30 MP: 5/10
  5398 | D:4      | Found a blossoming altar of Fedhas.
  5717 | D:4      | Noticed Sigmund
  5725 | D:4      | Slain by Sigmund

Vault maps used:
D:1:      giann_wishing_wells, serial_corexii_hall,
          chequers_hall_statues_wall_a, chequers_hall_statues_y,
          glass_columns_a, chequers_hall_statues_y, minmay_tiny_reverse_x
D:3:      lemuel_crystal_altar, first_ration, serial_forest,
          infiniplex_forest_clump_double, infiniplex_forest_zigzag_1,
          infiniplex_forest_end_2, infiniplex_forest_end_2,
          infiniplex_forest_lined_room_, infiniplex_forest_split,
          infiniplex_forest_clump_small, infiniplex_forest_lined_2
D:4:      vehumet_crystals, kennysheep_mini, kennysheep_little_box,
          uniq_sigmund, uniq_crazy_yiuf_cottage, uniq_grinder

Skill      XL: |  1  2  3  4  5 |
---------------+----------------+-----
Summonings     | 5 6 |  6.4
Fighting       | 1 2 |  2.1
Spellcasting   | 3 |  3.0
Dodging        | |  2.1
Stealth        | |  2.0

Action                   |  1- 3 |  4- 6 || total
-------------------------+-------+-------++-------
Melee: Unarmed           |    25 |       ||    25
       Kick              |    23 |   130 ||   153
       Peck              |    14 |   101 ||   115
       Short sword       |    64 |   356 ||   420
       Rapier            |       |     8 ||     8
Throw: Tomahawk          |     7 |       ||     7
       Stone             |     1 |    14 ||    15
 Cast: Summon Small Mamm |     2 |       ||     2
       Call Imp          |     3 |     4 ||     7
       Call Canine Famil |     2 |     8 ||    10
  Use: Scroll            |     3 |       ||     3
       Potion            |       |     2 ||     2
 Stab: Sleeping          |     7 |     4 ||    11
  Eat: Chunk             |     7 |     7 ||    14
       Ration            |       |     1 ||     1
Armor: Robe              |    19 |     6 ||    25
Dodge: Dodged            |    65 |    44 ||   109

Table legend:
 A = Non-vault XP
 B = Vault XP
 C = Vault XP percentage of total XP
 D = Non-vault monster count
 E = Vault monster count
 F = Vault count percentage of total count
                 A         B        C        D         E       F
            +---------+---------+-------+---------+---------+-------
      Total |     212 |       4 |   1.9 |      64 |       2 |   3.0
            +---------+---------+-------+---------+---------+-------
        D:1 |      16 |       4 |  20.0 |      10 |       2 |  16.7
        D:2 |      58 |       0 |   0.0 |      26 |       0 |   0.0
        D:3 |      58 |       0 |   0.0 |      18 |       0 |   0.0
        D:4 |      80 |       0 |   0.0 |      10 |       0 |   0.0
            +---------+---------+-------+---------+---------+-------
